 Dungeon Crawl Stone Soup version 0.19.1-1-g22dce08 (webtiles) character file.

1204 senny the Poker (level 8, -8/63 HPs)
             Began as a Mottled Draconian Berserker on Dec 30, 2016.
             Was an Elder of Trog.
             Mangled by a wyvern (11 damage)
             ... on level 6 of the Dungeon on Jan 2, 2017.
             The game lasted 00:42:48 (5193 turns).

senny the Poker (Mottled Draconian Berserker)       Turns: 5193, Time: 00:42:48

Health: -8/63      AC:  8    Str: 21    XL:     8   Next: 21%
Magic:  17/17      EV: 15    Int:  7    God:    Trog [****..]
Gold:   268        SH:  0    Dex: 14    Spells: 0 memorised, 7 levels left

rFire  . . .     SeeInvis .     a - +2 spear
rCold  . . .     Gourm    .     (armour unavailable)
rNeg   . . .     Faith    .     (no shield)
rPois  .         Spirit   .     (helmet restricted)
rElec  .         Reflect  .     s - +1 cloak {+Inv}
rCorr  .         Harm     .     (no gloves)
MR     ++...                    (no boots)
Stlth  +.........               i - amulet of rage
                                (no ring)
                                g - ring of magical power

@: regenerating
A: breathe sticky flame splash, unfitting armour, agile 1, frail 1, screaming 1,
cold-blooded, subdued magic 1, AC +6
a: Breathe Sticky Flame, Berserk, Trog's Hand, Brothers in Arms, Burn
Spellbooks, Renounce Religion, Evoke Berserk Rage, Evoke Invisibility


You were on level 6 of the Dungeon.
You worshipped Trog.
Trog was greatly pleased with you.
You were hungry.

You visited 1 branch of the dungeon, and saw 6 of its levels.
You also visited: Ossuary.

You collected 467 gold pieces.
You spent 199 gold pieces at shops.

Inventory:

Hand Weapons
 a - a +2 spear (weapon)
Armour
 s - a +1 cloak of invisibility (worn)
Jewellery
 c - an uncursed ring of ice
 g - a ring of magical power (left hand)
 i - an amulet of rage (around neck)
Wands
 h - a wand of iceblast (14/15)
 t - a wand of disintegration (14/24)
 y - a wand of confusion (22/48)
Scrolls
 f - 3 scrolls of teleportation
 o - 2 scrolls of magic mapping
 q - a scroll of recharging
 r - 2 scrolls of remove curse
 w - 2 scrolls of enchant armour {unknown}
 x - a scroll of fog {unknown}
 z - a scroll of blinking {unknown}
Potions
 d - 3 potions of curing
 e - 2 potions of ambrosia
 m - a potion of brilliance {unknown}
 n - 2 potions of resistance {unknown}
 p - a potion of flight {unknown}
 u - 2 potions of heal wounds {unknown}
 v - a potion of lignification {unknown}
 A - a potion of magic {unknown}
Comestibles
 b - a bread ration
 j - a beef jerky


   Skills:
 + Level 6.5 Fighting
 * Level 6.9 Polearms
 + Level 5.8 Dodging


You had 7 spell levels left.
You didn't know any spells.

Dungeon Overview and Level Annotations

Branches:
Dungeon (6/15)
 Temple: D:4-7

Altars:
Fedhas

Shops:
D:4 [[[


Innate Abilities, Weirdness & Mutations

You can spit globs of burning liquid.
You can ignite nearby creatures when you spit burning liquid.
Your weird mottled scales are hard. (AC +6)
You cannot fit into any form of body armour.
You are cold-blooded and may be slowed by cold attacks.
You are agile. (Dex +2)
You are frail. (-10% HP)
You occasionally shout uncontrollably at your foes.
Your spells are a little easier to cast, but a little less powerful.


Message History

You hit the wyvern but do no damage. The bullfrog closely misses you.
The wyvern barely misses you.
You hit the wyvern.
Your tail-slap misses the wyvern.
The wyvern is lightly wounded.
The bullfrog barely misses you. The wyvern bites you.
Your skin crawls.
You feel resistant to hostile enchantments.
You feel somewhat more hungry. The bullfrog hits you! The wyvern bites you!
* * * LOW HITPOINT WARNING * * *
The bullfrog barely misses you.
You feel better. The wyvern misses you. The bullfrog closely misses you.
The wyvern bites you!
* * * LOW HITPOINT WARNING * * *
The bullfrog hits you but does no damage.
There is a stone staircase leading up here.
The wyvern bites you!
* * * LOW HITPOINT WARNING * * *
The bullfrog hits you but does no damage.
The wyvern bites you!
You die...

..#########?#####.#
#####...)...# #.#.#
....#.#####.###.#.#
##..(.# #.....#.#
##..#######.#.#.#.#
......#.....#.#.#.#
>..#....###...#.#†#######
.#.#.............l.......
.###............@F.......
...............###....?..
#####.<†.......# .!.....
#.)........# .......
#..........# .......
#...)........ .......
#............ ..#####
#......[..... ..#
##########...


You could see a wyvern and a bullfrog.

Vanquished Creatures
  Menkaure (D:5)
  An ice beast (D:5)
  An ogre (D:6)
  A phantom (D:5)
  A bullfrog (D:6)
  A scorpion (D:6)
  A crimson imp (D:5)
  A bullfrog zombie (D:6)
  A jelly (D:6)
  A human zombie (Ossuary)
  An orc priest (D:5)
  2 orc wizards (D:5)
  2 worker ants (D:5)
  A big kobold zombie (Ossuary)
  3 hound zombies (Ossuary)
  A hound skeleton (D:4)
  4 mummies (Ossuary)
  13 adders
  11 gnolls
  A howler monkey skeleton (D:6)
  An ooze (D:3)
  2 adder skeletons (D:4)
  A worm (D:5)
  A dart slug (D:1)
  7 leopard geckos
  13 orcs
  3 ball pythons
  3 bats
  5 giant cockroaches
  8 goblins
  3 hobgoblins
  7 jackals
  2 quokkas
  2 frilled lizards
  3 hobgoblin zombies (Ossuary)
  2 jackal zombies (Ossuary)
  5 kobolds
  An orc zombie (Ossuary)
  8 rats
  A rat zombie (Ossuary)
127 creatures vanquished.

Notes
Turn   | Place    | Note
-------+----------+-------------------------------------------
     0 | D:1      | senny the Draconian Berserker began the quest for the Orb.
     0 | D:1      | Reached XP level 1. HP: 19/19 MP: 1/1
   349 | D:1      | Reached XP level 2. HP: 24/26 MP: 2/2
   725 | D:2      | Found a blossoming altar of Fedhas.
   946 | D:2      | Reached XP level 3. HP: 21/31 MP: 3/3
  1121 | D:2      | Reached ** piety under Trog
  1388 | D:3      | Found a faded altar of an unknown god.
  1437 | D:3      | Reached XP level 4. HP: 36/40 MP: 4/4
  1644 | D:3      | Reached XP level 5. HP: 22/46 MP: 5/5
  2500 | D:4      | Found Fofo's Armour Shop.
  2545 | D:4      | Found Zoath's Armour Emporium.
  2705 | D:4      | Found Axo Cuse's Antique Armour Shop.
  2708 | D:4      | Bought a glowing cloak for 199 gold pieces
  2943 | D:4      | Reached *** piety under Trog
  3209 | D:5      | Entered Level 5 of the Dungeon
  3247 | D:5      | Found a sand-covered staircase.
  3261 | Ossuary  | Entered an ossuary
  3270 | Ossuary  | Reached XP level 6. HP: 41/53 MP: 6/6
  3301 | Ossuary  | Reached skill level 5 in Polearms
  3726 | Ossuary  | Reached skill level 5 in Fighting
  3836 | Ossuary  | Gained mutation: Your spells are a little easier to cast, but a little less powerful. [potion of mutation]
  3836 | Ossuary  | Gained mutation: You are agile. (Dex +2) [potion of mutation]
  3837 | Ossuary  | Gained mutation: You occasionally shout uncontrollably at your foes. [potion of mutation]
  3837 | Ossuary  | Gained mutation: You are frail. (-10% HP) [potion of mutation]
  3896 | D:5      | Noticed an ice beast
  3907 | D:5      | Killed an ice beast
  3933 | D:5      | Noticed Menkaure
  3937 | D:5      | Killed Menkaure
  3937 | D:5      | Your scales start taking on a weird mottled colour.
  3937 | D:5      | Reached XP level 7. HP: 54/54 MP: 7/7
  4131 | D:5      | Reached skill level 5 in Dodging
  4471 | D:5      | Got a pitted whip
  4854 | D:6      | Reached XP level 8. HP: 63/63 MP: 8/8
  4862 | D:6      | Reached **** piety under Trog
  5193 | D:6      | HP: 3/63 [wyvern (11)]
  5193 | D:6      | Mangled by a wyvern

Skill      XL: |  1  2  3  4  5  6  7 |
---------------+----------------------+-----
Dodging        | 3 4 5 |  5.8
Polearms       | 4 5 6 |  6.9
Fighting       | 4 5 6 |  6.5

Action                   |  1- 3 |  4- 6 |  7- 9 || total
-------------------------+-------+-------+-------++-------
Melee: Spear             |   143 |   256 |   174 ||   573
       Tailslap          |    13 |    42 |    22 ||    77
Invok: Trog's Hand       |       |     2 |     2 ||     4
       Berserk           |       |     2 |     1 ||     3
 Abil: Breathe Sticky Fl |       |       |     1 ||     1
  Use: Scroll            |     1 |     9 |     2 ||    12
       Potion            |       |     3 |     1 ||     4
 Stab: Sleeping          |       |     1 |     1 ||     2
  Eat: Meat ration       |     1 |       |       ||     1
       Chunk             |       |     2 |       ||     2
       Bread ration      |       |     2 |       ||     2
       Pizza             |       |     1 |       ||     1
Armor: Skin              |    43 |    68 |    27 ||   138
Dodge: Dodged            |    92 |   185 |    87 ||   364
